 Dungeon Sprint DCSS version 0.27-a0-1158-gaa87e14f67 (webtiles) character file.

Game seed: 12769497661628541275

1141 rocky1 the Fighter (level 8, -12/89 (96) HPs)
             Began as an Ogre Hunter on May 15, 2021.
             Was a Believer of Okawaru.
             Killed from afar by Josephine (22 damage)
             ... with a ghostly fireball
             ... in the Dungeon (Sprint VII: "The Pits") on May 16, 2021.
             The game lasted 00:06:51 (1264 turns).

rocky1 the Fighter (Ogre Hunter)                    Turns: 1264, Time: 00:06:52

HP:   -12/89 (96)   AC: 10    Str: 17    XL:     8   Next: 37%
MP:   12/14         EV: 13    Int: 12    God:    Okawaru [**....]
Gold: 0             SH:  0    Dex:  9    Spells: 7/7 levels left

rFire    . . .     SeeInvis .   p - +0 flail (protect)
rCold    . . .     Faith    .   (no shield)
rNeg     . . .     Spirit   .   b - +0 robe
rPois    .         Reflect  .   (helmet restricted)
rElec    .         Harm     .   (no cloak)
rCorr    .         Rampage  .   (gloves unavailable)
Will     .....     NoTele   +   (boots unavailable)
Stlth    +++.......             (no amulet)
HPRegen  0.24/turn              (no ring)
MPRegen  0.14/turn              (no ring)

@: lethally poisoned (-12 -> -27), heroic, under a protective aura, drained
A: large, unfitting armour, tough skin 1, weak 1
a: Renounce Religion, Heroism


You were in the Dungeon.
You worshipped Okawaru.
Okawaru was pleased with you.
You visited 1 branch

Inventory:

Hand Weapons
 p - a +0 flail of protection (weapon)
Missiles
 c - 5 large rocks (quivered)
 d - 2 throwing nets
Armour
 b - a +0 robe (worn)
Wands
 a - a wand of polymorph (4)
Scrolls
 j - a scroll of blinking
 l - 5 scrolls of amnesia
 m - a scroll of summoning
Potions
 e - 5 potions of curing
 f - 5 potions of heal wounds
 h - 4 potions of magic
 i - a potion of berserk rage
 k - 2 potions of invisibility
 n - a potion of cancellation {unknown}


   Skills:
 + Level 10.6(15.6) Fighting
 + Level 7.1(12.1) Maces & Flails
 + Level 9.0(14.0) Throwing
 + Level 8.2(13.2) Dodging
 - Level 0.6(5.6) Stealth
 + Level 8.5 Invocations


You had 7 spell levels left.
You didn't know any spells.
Your spell library was empty.

Dungeon Overview and Level Annotations

Branches:
Dungeon (1/1)

Altars:
Ashenzari
Cheibriados
Dithmenos
Elyvilon
Fedhas
Gozag
Hepliaklqana
Kikubaaqudgha
Makhleb
Nemelex Xobeh
Okawaru
Qazlal
Ru
Sif Muna
Trog
Uskayaw
Vehumet
Wu Jian
Xom
Yredelemnul
Zin
The Shining One
Beogh
Jiyva
Lugonu

Annotations:
D Josephine


Innate Abilities, Weirdness & Mutations

You are too large for most types of armour.
You have tough skin. (AC +1)
You are weak. (Str -2)


Message History

You feel sick.
Josephine screams, "I have something special for you."
Josephine closely misses you.
You hit Josephine.
Josephine is almost dead.
You feel sick.
You closely miss Josephine.
Josephine is almost dead.
You feel sick. Josephine draws life force from you!
* * * LOW HITPOINT WARNING * * *
Josephine is healed by the life force!
Unknown command.
You feel much better.
You feel sick.
Josephine hits you with a +6 dagger of venom!
You are more poisoned.
Unknown command.
You gain the combat prowess of a mighty hero.
You feel yourself slow down.
You feel sick.
You closely miss Josephine. You punch Josephine.
Josephine is severely wounded.
You feel very sick. Josephine misses you.
You hit Josephine.
Josephine is almost dead.
You feel sick. Josephine closely misses you.
You barely miss Josephine.
Josephine is almost dead.
You feel sick.
Josephine hits you with a +6 dagger of venom!
* * * LOW HITPOINT WARNING * * *
You are lethally poisoned!
You thump Josephine!
Josephine is almost dead.
* * * LOW HITPOINT WARNING * * *
You feel very sick.
Josephine points at you and mumbles some strange words.
The ghostly flame explodes!
The ghostly fireball engulfs you!!
You feel drained.
You die...

#.#..'...#.##.......#
#)#.)')..'.##.......#
#[#..########...<...#
#)#..'[))).##.......#
#)#..#[))).##.......#
#)###########.......#
#.......#..##########
#...#...#.# ###
#...#...#@# ...#
#.##.##.#@#....#
#...#...#s'....+
#...#...#'#.@..#
#.......'.#....#
########### ####


You could see Josephine and a scorpion.

Vanquished Creatures
  A komodo dragon (D)
  A wraith (D)
  A neqoxec (D)
  A water moccasin (D)
  A floating eye (D)
  A wolf (D)
  A bullfrog (D)
  A scorpion (D)
  A quasit (D)
  A gnoll shaman (D)
  Jessica (D)
  An iguana (D)
  5 gnolls (D)
  An adder (D)
  A river rat (D)
  An ufetubus (D)
  2 bats (D)
  A bat skeleton (D)
  An endoplasm (D)
  A ball python (D)
  A jackal skeleton (D)
  A kobold (D)
27 creatures vanquished.

Notes
Turn   | Place    | Note
-------+----------+-------------------------------------------
     0 | D        | rocky1 the Ogre Hunter began the quest for the Orb.
     0 | D        | Reached XP level 1. HP: 22/22 MP: 1/1
    26 | D        | Reached skill level 3 in Fighting
    31 | D        | Found a bloodstained altar of Trog.
    31 | D        | Found a shimmering blue altar of Sif Muna.
    31 | D        | Found a viscous altar of Jiyva.
    31 | D        | Found a hazy altar of Hepliaklqana.
    31 | D        | Found an opulent altar of Gozag.
    58 | D        | Found a glowing golden altar of the Shining One.
    58 | D        | Found a glowing silver altar of Zin.
    58 | D        | Found a basalt altar of Yredelemnul.
    58 | D        | Found a shimmering altar of Xom.
    58 | D        | Found an ornate altar of the Wu Jian Council.
    58 | D        | Found a sacrificial altar of Ru.
    58 | D        | Found a stormy altar of Qazlal.
    58 | D        | Found an iron altar of Okawaru.
    58 | D        | Found a sparkling altar of Nemelex Xobeh.
    58 | D        | Found a burning altar of Makhleb.
    58 | D        | Found a blossoming altar of Fedhas.
    58 | D        | Found a white marble altar of Elyvilon.
    58 | D        | Found a shadowy altar of Dithmenos.
    58 | D        | Found a snail-covered altar of Cheibriados.
    61 | D        | Found a corrupted altar of Lugonu.
    61 | D        | Found a radiant altar of Vehumet.
    62 | D        | Found an ancient bone altar of Kikubaaqudgha.
    62 | D        | Found a hide-covered altar of Uskayaw.
    62 | D        | Found a broken altar of Ashenzari.
    66 | D        | Became a worshipper of Warmaster Okawaru
    87 | D        | Reached skill level 1 in Maces & Flails
    87 | D        | Reached skill level 1 in Invocations
    87 | D        | Reached XP level 2. HP: 32/32 MP: 2/2
   168 | D        | Reached skill level 4 in Fighting
   190 | D        | Reached XP level 3. HP: 34/40 MP: 4/4
   238 | D        | Noticed a scorpion
   242 | D        | Killed a scorpion
   243 | D        | Reached skill level 5 in Fighting
   243 | D        | Reached skill level 5 in Throwing
   243 | D        | Reached XP level 4. HP: 12/50 MP: 4/6
   649 | D        | Noticed Jessica
   649 | D        | Noticed a bullfrog
   659 | D        | Noticed a water moccasin
   661 | D        | Killed a bullfrog
   662 | D        | Reached skill level 6 in Fighting
   662 | D        | Reached skill level 5 in Dodging
   662 | D        | Reached XP level 5. HP: 61/61 MP: 6/8
   665 | D        | Killed Jessica
   669 | D        | Killed a water moccasin
   669 | D        | Reached * piety under Okawaru
   670 | D        | Reached skill level 7 in Fighting
   670 | D        | Reached skill level 5 in Invocations
   670 | D        | Reached XP level 6. HP: 72/72 MP: 6/10
   672 | D        | Reached skill level 8 in Fighting
   672 | D        | Reached skill level 5 in Maces & Flails
   853 | D        | Upgraded the game from 0.27-a0-1154-gfdeffcb720 to
                  | 0.27-a0-1158-gaa87e14f67
   878 | D        | Noticed a floating eye
   880 | D        | Killed a floating eye
   881 | D        | Reached XP level 7. HP: 81/81 MP: 11/11
   883 | D        | Noticed a komodo dragon
   902 | D        | Killed a komodo dragon
   903 | D        | Reached skill level 9 in Fighting
  1177 | D        | Reached ** piety under Okawaru
  1178 | D        | Reached skill level 10 in Fighting
  1184 | D        | Reached XP level 8. HP: 91/93 MP: 11/13
  1203 | D        | Noticed Josephine
  1203 | D        | Noticed a wraith
  1203 | D        | Noticed a wraith
  1203 | D        | Noticed a wraith
  1225 | D        | Killed a wraith
  1225 | D        | Gained mutation: You are weak. (Str -2) [a neqoxec]
  1264 | D        | Killed from afar by Josephine

Illustrated notes

Levels and vault maps discovered:
D:        pitsprint [storerooms_1, entrance_room_1, metal_vault_6, armoury_1,
          mini_pit_1, grid_room_1, main_hall_1, silver_pit, the_coven_3,
          the_vestibule_1, steel_vault_5, golden_pit, hallway_of_sentries,
          crystal_vault_4, iron_vault_1, final_vault]

Skill      XL: |  1  2  3  4  5  6  7  8 |
---------------+-------------------------+-----
Fighting       | 3 4 5 6 7 8 10 | 10.6
Dodging        | 2 3 4 5 6 7 8 |  8.2
Maces & Flails | 1 2 3 4 5 6 7 |  7.1
Invocations    | 1 2 3 4 5 6 7 8 |  8.5
Throwing       | 5 6 7 8 9 |  9.0
Stealth        | |  0.6

Action                   |  1- 3 |  4- 6 |  7- 9 || total
-------------------------+-------+-------+-------++-------
Melee: Short sword       |     8 |       |       ||     8
       Mace              |    16 |     2 |       ||    18
       Flail             |       |    24 |    88 ||   112
       Punch             |       |       |     2 ||     2
Throw: Large rock        |     6 |     2 |       ||     8
Invok: Heroism           |       |       |     4 ||     4
  Use: Potion            |     1 |     2 |     2 ||     5
Armor: Robe              |    27 |     6 |    16 ||    49
Dodge: Dodged            |    24 |    15 |    48 ||    87

Table legend: (Time is in decaauts)
 A = Elapsed time spent in this place.
 B = Non-inter-level travel time spent in this place.
 C = Inter-level travel time spent in this place.
 D = Time resting spent in this place.
 E = Time spent auto-exploring this place.
 F = Levels seen in this place.
 G = Mean time per level.
                   A        B        C        D        E       F      G
               +--------+--------+--------+--------+--------+-----+--------+
         Total |   1271 |   1254 |     17 |    877 |      0 |   1 | 1271.0 |
       Dungeon |   1271 |   1254 |     17 |    877 |      0 |   1 | 1271.0 |
               +--------+--------+--------+--------+--------+-----+--------+

Top non-repeatable levels by time:
       D: 1271 daAuts
